Map: [ESL] Alcyone

Players

Classic

  • Race: Protoss Protoss
  • Spawn Location: 1:00

DRG - Winner!

  • Race: Zerg Zerg
  • Spawn Location: 7:00

Event: IEM Katowice 2024

VOD

Have the link to the VOD?

Description

Time

  • Played on: Dec. 9, 2023, 9:05 p.m.
  • Length: 15:10

All games in this series

Show
View Real Time Build Order
Export as new Build Order

Classic Protoss 

Build Orders: Carriers 

Get SALT Encoding   

  12  0:00  Probe  
  13  0:12  Probe  
  14  0:17  Pylon  
  14  0:24  Probe  
  15  0:36  Probe (Chrono Boost)  
  15  0:39  Gateway  
  16  0:45  Probe (Chrono Boost)  
  16  0:48  Assimilator  
  17  0:50  Probe (Chrono Boost)  
  18  1:03  Probe  
  19  1:08  Forge  
  19  1:13  Pylon  
  19  1:15  Probe  
  20  1:27  Probe  
  20  1:28  Zealot (Chrono Boost)  
  23  1:36  Cybernetics Core  
  23  1:45  Photon Cannon  
  23  2:04  Nexus  
  23  2:06  Probe  
  24  2:10  Adept (Chrono Boost)  
  26  2:20  Assimilator  
  26  2:21  Probe  
  27  2:33  Probe  
  28  2:39  Stargate, Adept  
  30  2:48  Probe  
  31  2:58  Warp Gate  
  29  3:00  Probe  
  30  3:13  Probe (Chrono Boost)  
  30  3:15  Adept  
  30  3:17  Probe (Chrono Boost)  
  34  3:25  Probe (Chrono Boost)  
  34  3:27  Probe (Chrono Boost)  
  40  3:29  Void Ray  
  40  3:30  Probe (Chrono Boost)  
  40  3:31  Probe (Chrono Boost)  
  42  3:36  Pylon  
  42  3:40  Probe  
  43  3:43  Probe  
  43  3:45  Pylon  
  44  3:54  Probe  
  44  3:55  Probe  
  46  4:02  Pylon  
  46  4:06  Oracle (Chrono Boost), Probe  
  46  4:07  Probe  
  51  4:17  Twilight Council  
  51  4:18  Probe  
  51  4:19  Probe  
  53  4:30  Nexus  
  53  4:31  Pylon  
  53  4:40  Protoss Ground Weapons Level 1 (Chrono Boost)  
  53  4:42  Robotics Facility  
  53  4:49  Gateway  
  53  4:54  Gateway  
  53  4:55  Gateway  
  53  5:04  Charge (Chrono Boost)  
  53  5:17  Gateway  
  53  5:19  Gateway  
  53  5:22  Gateway  
  53  5:24  Gateway  
  53  5:26  Zealot  
  53  5:27  Warp Prism (Chrono Boost)  
  55  5:32  Probe x2  
  59  5:36  Pylon  
  59  5:42  Probe  
  60  5:44  Probe x2  
  60  5:45  Pylon  
  62  5:54  Zealot x4  
  70  6:04  Probe x3  
  73  6:14  Zealot x6  
  85  6:20  Zealot x2  
  85  6:23  Pylon  
  89  6:43  Zealot x5  
  89  6:44  Zealot x3  
  101  7:05  Zealot x5, Pylon  
  101  7:06  Pylon  
  109  7:08  Pylon  
  109  7:10  Probe x2  
  109  7:11  Pylon  
  109  7:13  Probe  
  108  7:16  Zealot  
  108  7:17  Zealot  
  108  7:21  Zealot x3  
  108  7:24  Probe x2  
  108  7:27  Stalker x3  
  108  7:29  Assimilator  
  106  7:36  Zealot x5  
  106  7:43  Probe x3  
  107  7:47  Assimilator  
  107  7:54  Stalker x2  
  107  7:55  Probe x2 (Chrono Boost)  
  107  7:56  Zealot x2, Probe (Chrono Boost)  
  107  7:57  Zealot x3  
  127  8:06  Probe x2 (Chrono Boost)  
  127  8:07  Probe (Chrono Boost)  
  127  8:11  Nexus, Probe x3 (Chrono Boost)  
  127  8:14  Blink (Chrono Boost)  
  130  8:23  Assimilator  
  130  8:26  Pylon  
  130  8:28  Immortal (Chrono Boost)  
  130  8:38  Stalker x4  
  136  8:42  Pylon  
  136  8:44  Shield Battery, Pylon  
  136  8:46  Shield Battery  
  136  8:51  Stalker x2  
  136  8:55  Assimilator  
  140  8:57  Immortal (Chrono Boost)  
  144  9:07  Probe x3, Pylon  
  147  9:13  Pylon  
  147  9:14  Protoss Ground Weapons Level 2 (Chrono Boost)  
  147  9:25  Probe x4  
  147  9:26  Immortal (Chrono Boost)  
  155  9:42  Stalker x6  
  165  9:46  Stalker  
  165  9:50  Probe x4  
  171  9:56  Gateway  
  171  9:57  Gateway  
  171  10:02  Immortal (Chrono Boost)  
  171  10:25  Stalker  
  171  10:26  Stalker x7  
  171  10:28  Assimilator  
  169  10:30  Robotics Facility, Pylon  
  161  10:39  Immortal (Chrono Boost)  
  165  10:48  Stalker  
  165  10:49  Stalker x5  
  177  10:54  Stalker x2  
  177  10:56  Pylon  
  181  11:06  Nexus  
  179  11:20  Stalker x5  
  179  11:21  Stalker  
  189  11:27  Stargate  
  189  11:30  Fleet Beacon  
  189  11:37  Observer (Chrono Boost)  
  190  11:40  Assimilator  
  190  11:41  Stargate  
  180  12:01  Protoss Ground Weapons Level 3  
  180  12:04  Immortal x2  
  188  12:15  Zealot x6  
  186  12:16  Zealot x2  
  200  12:23  Assimilator  
  200  12:36  Carrier (Chrono Boost), Protoss Air Weapons Level 1 (Chrono Boost)  
  194  12:43  Carrier (Chrono Boost)  
  194  12:44  Carrier (Chrono Boost)  
  190  12:59  Zealot x2  
  190  13:00  Zealot x6  
  184  13:12  Immortal (Chrono Boost)  
  159  13:22  Immortal (Chrono Boost)  
  159  13:24  Stalker  
  159  13:25  Stalker x7  
  155  13:40  Carrier  
  159  13:44  Carrier  
  152  14:04  Carrier (Chrono Boost)  
  147  14:15  Zealot x4  
  138  14:17  Zealot  
  138  14:22  Zealot  
  122  14:26  Observer x2  
Show
View Real Time Build Order
Export as new Build Order

DRG Zerg - Winner!

Build Orders: Hatch First, Lurkers 

Get SALT Encoding   

  12  0:00  Drone  
  13  0:11  Overlord  
  13  0:16  Drone  
  14  0:29  Drone x2  
  14  0:33  Drone  
  17  0:51  Hatchery  
  17  0:55  Drone  
  17  0:58  Drone  
  18  1:06  Drone  
  18  1:09  Extractor  
  18  1:15  Spawning Pool  
  17  1:19  Drone  
  18  1:28  Drone  
  19  1:41  Hatchery  
  19  1:45  Drone  
  19  1:50  Drone  
  20  2:00  Overlord  
  21  2:07  Hatchery  
  20  2:10  Queen  
  22  2:15  Metabolic Boost  
  22  2:20  Zergling x2  
  23  2:23  Zergling x2  
  24  2:33  Zergling x2  
  25  2:45  Queen  
  25  2:50  Zergling x2  
  27  2:53  Drone  
  27  2:57  Queen  
  30  3:00  Zergling x2  
  31  3:06  Overlord  
  31  3:07  Drone  
  32  3:16  Drone x2  
  34  3:21  Queen  
  34  3:25  Drone  
  37  3:28  Drone  
  37  3:29  Drone  
  37  3:33  Drone  
  40  3:38  Drone x2  
  44  3:41  Drone x2  
  44  3:45  Overlord  
  44  3:51  Queen  
  46  3:56  Drone x2  
  46  4:01  Queen  
  50  4:06  Drone x2  
  50  4:07  Drone  
  53  4:12  Drone x3  
  53  4:14  Drone  
  57  4:19  Overlord  
  57  4:20  Drone  
  57  4:24  Spore Crawler  
  57  4:34  Spore Crawler  
  57  4:37  Overlord  
  57  4:38  Drone x2  
  57  4:42  Overlord  
  57  4:45  Lair  
  58  4:48  Overlord  
  58  4:53  Roach Warren, Overlord  
  58  4:55  Drone  
  58  4:57  Drone x4  
  58  4:58  Drone  
  58  4:59  Drone  
  64  5:01  Extractor  
  64  5:02  Extractor  
  64  5:07  Drone x4  
  64  5:08  Drone  
  64  5:11  Drone x2  
  64  5:13  Drone  
  70  5:14  Drone  
  70  5:15  Drone  
  70  5:17  Drone x2  
  70  5:20  Drone x2  
  76  5:22  Drone  
  76  5:26  Drone x2  
  79  5:29  Extractor  
  79  5:34  Drone x3  
  81  5:42  Drone x4, Evolution Chamber  
  84  5:44  Drone x6  
  84  5:45  Glial Reconstitution  
  84  5:48  Extractor x2  
  88  5:57  Overlord  
  88  6:03  Hatchery  
  86  6:06  Overlord  
  86  6:07  Queen  
  86  6:11  Overlord  
  88  6:13  Zerg Missile Weapons Level 1  
  88  6:15  Spore Crawler  
  87  6:18  Roach x3  
  87  6:19  Roach x2  
  87  6:24  Roach x3  
  103  6:28  Overlord  
  103  6:34  Roach x4  
  103  6:35  Roach  
  103  6:39  Overlord x2  
  113  6:42  Overlord  
  113  6:51  Roach x4  
  114  6:55  Roach x3  
  118  7:04  Roach x8  
  128  7:10  Roach x3  
  128  7:15  Roach  
  126  7:25  Roach x4  
  129  7:41  Roach x4  
  129  7:43  Hatchery  
  130  7:47  Lair  
  130  8:00  Overlord x2  
  130  8:02  Hatchery  
  130  8:03  Roach x2  
  133  8:08  Overlord  
  133  8:10  Overlord  
  133  8:17  Roach x3  
  133  8:18  Overlord  
  139  8:22  Overlord  
  139  8:34  Roach x6  
  139  8:40  Hatchery  
  151  8:43  Ravager x5  
  151  8:46  Zerg Missile Weapons Level 2  
  160  8:48  Roach x3  
  160  8:50  Infestation Pit  
  161  8:56  Roach x3  
  161  8:58  Queen  
  169  9:07  Roach x3  
  175  9:13  Spore Crawler  
  175  9:14  Drone x2  
  178  9:17  Roach  
  178  9:20  Drone  
  178  9:22  Hydralisk Den  
  178  9:23  Overlord  
  178  9:24  Overlord  
  178  9:35  Hive  
  175  9:39  Drone x3  
  175  9:45  Drone x5  
  183  9:48  Drone  
  183  9:52  Overseer  
  184  9:54  Drone x2  
  184  9:58  Lurker Den  
  185  10:01  Muscular Augments  
  185  10:02  Hydralisk x3  
  185  10:03  Hydralisk  
  185  10:07  Zergling x6, Extractor  
  189  10:16  Roach x6  
  189  10:19  Zergling x6  
  198  10:22  Spore Crawler  
  198  10:26  Ravager x2  
  188  10:35  Drone x5  
  191  10:49  Viper x2  
  197  10:56  Seismic Spines  
  197  11:02  Lurker  
  197  11:03  Lurker x2  
  200  11:05  Grooved Spines  
  198  11:15  Hatchery  
  198  11:17  Zergling x4  
  199  11:29  Zerg Missile Weapons Level 3  
  199  11:38  Pneumatized Carapace  
  199  11:51  Hydralisk x9  
  179  11:54  Zergling x18  
  179  12:00  Lurker  
  178  12:06  Adaptive Talons  
  178  12:08  Hydralisk x4  
  186  12:19  Lurker x3  
  186  12:21  Zergling x14  
  196  12:24  Zergling x6  
  200  12:30  Drone  
  200  12:34  Zergling x2, Extractor x2  
  197  12:46  Zergling x4  
  199  12:51  Overlord x2  
  199  12:53  Overlord  
  194  13:01  Hydralisk x7  
  189  13:09  Hydralisk x7  
  193  13:16  Hydralisk x3  
  199  13:21  Zergling x2  
  192  13:28  Hydralisk x3  
  193  13:42  Hydralisk x6  
  193  13:45  Zergling x18  
  191  13:53  Queen x2  
  191  13:54  Hydralisk  
  184  13:59  Zergling x8  
  185  14:05  Hydralisk x3  
  189  14:12  Viper x2  
  189  14:14  Zergling x8  
  158  14:25  Hydralisk x5  
  158  14:28  Hydralisk x3  
  153  14:37  Hydralisk x2  
  155  14:41  Hydralisk x6  

Tags
 
Add a new tag
Caveats
  • Supply blocks, unpowered buildings, or Contaminate may cause inaccurate times.
  • Supply counts are checked every 10 seconds.